 Dungeon Crawl Stone Soup version 0.29.1-2-gbd0b4ee654 (webtiles) character file.

Game seed: 3391474771431592472

82 qeuew the Ducker (level 4, 0/34 HPs)
             Began as a Merfolk Gladiator on Nov 14, 2022.
             Succumbed to a goblin's poison
             ... on level 1 of the Dungeon.
             The game lasted 00:02:43 (1426 turns).

qeuew the Ducker (Merfolk Gladiator)                Turns: 1426, Time: 00:02:44

Health: 0/34       AC:  7    Str: 16    XL:     4   Next: 43%
Magic:  4/4        EV: 12    Int:  7    God:
Gold:   40         SH:  0    Dex: 15    Spells: 3/3 levels left

rFire   . . .      SeeInvis .   a - +0 trident
rCold   . . .      Faith    .   (no shield)
rNeg    . . .      Spirit   .   i - +1 ring mail
rPois   .          Reflect  .   c - +0 helmet
rElec   .          Harm     .   (no cloak)
rCorr   .          Rampage  .   (no gloves)
Will    .....                   (no boots)
Stlth   +.........              (no amulet)
HPRegen 0.11/turn               (no ring)
MPRegen 0.09/turn               (no ring)

@: lethally poisoned (0 -> -1)
A: (nimble swimmer 2), mertail
a: no special abilities


You were on level 1 of the Dungeon.
You visited 1 branch of the dungeon, and saw 2 of its levels.

You collected 40 gold pieces.

Inventory:

Hand Weapons
 a - a +0 trident (weapon)
Missiles
 d - 3 throwing nets (quivered)
 e - a javelin
Armour
 c - a +0 helmet (worn)
 i - a +1 ring mail (worn)


   Skills:
 + Level 2.9 Fighting
 + Level 4.6 Polearms
 + Level 2.7 Throwing
 + Level 1.0 Armour
 + Level 4.7 Dodging


You had 3 spell levels left.
You didn't know any spells.
Your spell library contained the following spells:

 Spells                   Type           Power      Damage    Failure   Level
 Call Canine Familiar     Summ           0%         N/A       95%         3
 Portal Projectile        Hex/Tloc       0%         N/A       95%         3
 Leda's Liquefaction      Hex/Erth       0%         N/A       100%        4


Dungeon Overview and Level Annotations

Branches:
Dungeon (2/15)

Altars:

Annotations:
D:2 Robin


Innate Abilities, Weirdness & Mutations

((You are very nimble when in or above water. (Stealth+, EV+, Speed+++)))
Your lower body shifts to a powerful aquatic tail in water.


Message History

The goblins go into a battle-frenzy!
The goblin hits you but does no damage.
The goblin hits you with a +1 dagger of venom.
You are poisoned.
There is a stone staircase leading up, spattered with blood here.
You feel very sick. The goblin closely misses you.
Robin throws the goblin at you!
You climb upwards.
You feel very sick.
There is a stone staircase leading down, spattered with blood here.
You puncture the goblin!
You kill the goblin!
You feel sick.
The goblin hits you with a +1 dagger of venom.
You are lethally poisoned!
You closely miss the goblin.
You feel very sick. The goblin misses you.
You puncture the goblin!
You kill the goblin!
* * * LOW HITPOINT WARNING * * *
You feel very sick.
* * * LOW HITPOINT WARNING * * *
You feel sick.
Items here: ))))) ÷ †.
You aren't carrying any potions.
You aren't carrying any scrolls.
* * * LOW HITPOINT WARNING * * *
You feel sick.
* * * LOW HITPOINT WARNING * * *
You feel sick.
* * * LOW HITPOINT WARNING * * *
You feel sick.
* * * LOW HITPOINT WARNING * * *
You feel sick.
* * * LOW HITPOINT WARNING * * *
You feel sick.
* * * LOW HITPOINT WARNING * * *
You feel sick.
You die...

##### ########...#
#..)>@.....#
#.##.###...#
#.##.###.### #.#...#..#
############.#.#...##
....................###
..########............##
..# ##..........##..#
..#
##...........###.#####


There were no monsters in sight!

Vanquished Creatures
  A gnoll (D:1)
  2 adders (D:2)
  3 dart slugs (D:1)
  2 endoplasms (D:1)
  10 goblins (D:1)
  3 hobgoblins (D:1)
  6 kobolds (D:1)
  5 quokkas (D:1)
  8 bats
  3 frilled lizards (D:1)
  2 rats (D:1)
45 creatures vanquished.

Notes
Turn   | Place    | Note
-------+----------+-------------------------------------------
     0 | D:1      | qeuew the Merfolk Gladiator began the quest for the Orb.
     0 | D:1      | Reached XP level 1. HP: 16/16 MP: 1/1
    36 | D:1      | Reached XP level 2. HP: 19/23 MP: 2/2
   222 | D:1      | Found a faded altar of an unknown god.
   413 | D:1      | Reached XP level 3. HP: 22/28 MP: 3/3
   916 | D:2      | Reached XP level 4. HP: 28/34 MP: 4/4
   937 | D:1      | Reached skill level 1 in Armour
  1202 | D:2      | Noticed Robin
  1425 | D:1      | HP: 1/34 [poisoned by a goblin]
  1426 | D:1      | Succumbed to a goblin's poison

Illustrated notes

Levels and vault maps discovered:
D:1:      psy_arrival_statuary, layout_rooms, basic_ecumenical_altar,
          kennysheep_pointless_box
D:2:      layout_rooms, st_stairs_12, minmay_tetromino_t2, uniq_natasha,
          uniq_robin

Skill      XL: |  1  2  3  4 |
---------------+-------------+-----
Armour         | 1 |  1.0
Fighting       | |  2.9
Polearms       | |  4.6
Throwing       | |  2.7
Dodging        | |  4.7

Action                   |  1- 3 |  4- 6 || total
-------------------------+-------+-------++-------
Melee: Trident           |   114 |    26 ||   140
       Punch             |     3 |     1 ||     4
  Use: Scroll            |     4 |       ||     4
       Potion            |       |     1 ||     1
Armor: Leather armour    |    10 |       ||    10
       Ring mail         |    14 |    16 ||    30
Dodge: Dodged            |    58 |    26 ||    84
